 Dungeon Crawl Stone Soup version 0.23.1-37-gaa34b87 (webtiles) character file.

Game seed: 7058330147678513055

152 Irenicus the Chopper (level 5, -7/46 HPs)
             Began as a Deep Dwarf Monk on Mar 23, 2019.
             Mangled by a gnoll
             ... wielding a +0 spear
              (8 damage)
             ... on level 3 of the Dungeon.
             The game lasted 00:06:40 (1227 turns).

Irenicus the Chopper (Deep Dwarf Monk)              Turns: 1227, Time: 00:06:40

Health: -7/46      AC:  3    Str: 14    XL:     5   Next: 11%
Magic:  5/5        EV: 13    Int: 11    God:
Gold:   85         SH:  0    Dex: 16    Spells: 4/4 levels left

rFire    . . .     SeeInvis .   a - +0 hand axe
rCold    . . .     Gourm    .   (no shield)
rNeg     . . .     Faith    .   k - +0 leather armour
rPois    .         Spirit   .   (no helmet)
rElec    .         Reflect  .   (no cloak)
rCorr    .         Harm     .   (no gloves)
MR       .....                  (no boots)
Stlth    ++........             (no amulet)
HPRegen  0.00/turn              (no ring)
MPRegen  0.09/turn              (no ring)

@: non-regenerating
A: damage resistance, heal wounds, sense surroundings 1, no regeneration
a: Heal Wounds


You were on level 3 of the Dungeon.
You were not hungry.

You visited 1 branch of the dungeon, and saw 3 of its levels.

You collected 85 gold pieces.

Inventory:

Hand Weapons
 a - a +0 hand axe (weapon)
Armour
 k - a +0 leather armour (worn)
   (You took it off an orc on level 3 of the Dungeon)
Wands
 h - a wand of iceblast (6)
   (You found it on level 2 of the Dungeon)
 j - a wand of paralysis (8)
   (You found it on level 3 of the Dungeon)
Scrolls
 d - 2 scrolls of enchant armour
 e - 2 scrolls of identify
 g - a scroll of immolation {!r}
 i - a scroll of enchant weapon {unknown}
Potions
 b - a potion of agility {unknown}
 f - a potion of flight
Comestibles
 c - 3 rations


   Skills:
 - Level 2.6 Fighting
 + Level 6.4 Axes
 - Level 3.2 Dodging
 - Level 2.4 Stealth


You had 4 spell levels left.
You didn't know any spells.
Your spell library was empty.

Dungeon Overview and Level Annotations

Branches:
Dungeon (3/15)

Altars:


Innate Abilities, Weirdness & Mutations

You are resistant to damage.
You can heal yourself by infusing magical energy.
You passively map a small area around you.
You do not regenerate.


Message History

The adder poisons you! The adder bites you.
You miss the adder. The adder misses you.
You hit the adder. The adder barely misses you.
You closely miss the adder. The adder bites you.
You hit the adder.
You kill the adder!
A goblin comes into view. It is wielding a +0 dagger.
The goblin shouts!
You barely miss the goblin. The goblin hits you but does no damage.
You closely miss the goblin. The goblin completely misses you.
You miss the goblin. The goblin barely misses you.
You hit the goblin. The goblin barely misses you.
You closely miss the goblin. The goblin hits you but does no damage.
You closely miss the goblin. The goblin barely misses you.
You hit the goblin. The goblin closely misses you.
You slash the goblin!
You kill the goblin!
Things that are here:
a +0 dagger; a goblin corpse You butcher the goblin corpse.
Things that are here:
a +0 dagger; a chunk of flesh {@w0}; a goblin skeleton Eating a chunk of flesh {@w0}.
You eat the chunk of flesh {@w0}.
An adder comes into view.
You see here a ration.
c - 3 rations (gained 1)
The helpless adder fails to defend itself.
You slash the adder!
You are no longer poisoned.
The adder bites you.
You take 1 damage, and have 33/40 hp.
You closely miss the adder. The adder closely misses you. The adder bites you.
You take 1 damage, and have 32/40 hp.
You closely miss the adder. The adder closely misses you.
You hit the adder.
You kill the adder!
A gnoll comes into view. It is wielding a +0 spear.
A hobgoblin comes into view.
A rat comes into view.
You hit the rat.
You kill the rat! 2 gnolls come into view.
The gnoll shouts! x2; You hear a shout!
The gnoll hits you from afar with a +0 halberd!
You take 9 damage, and have 23/40 hp.
MASSIVE DAMAGE!!
The gnoll shouts!
The gnoll barely misses you. x2
You hit the gnoll but do no damage.
The gnoll hits you from afar with a cursed -3 spear.
The gnoll barely misses you.
You hit the gnoll.
The gnoll hits you from afar with a +0 spear!
The gnoll hits you from afar with a cursed -3 spear.
You take 6 damage, and have 17/40 hp.
The gnoll hits you but does no damage. The gnoll closely misses you.
The gnoll hits you with a cursed -3 spear.
You hit the gnoll. x2; You hit the gnoll but do no damage.
The gnoll completely misses you. The gnoll hits you with a +0 halberd.
The gnoll hits you with a cursed -3 spear.
* * * LOW HITPOINT WARNING * * *
You take 9 damage, and have 8/40 hp.
MASSIVE DAMAGE!!
Okay, then.
You feel much better. The gnoll hits you with a +0 spear.
The gnoll closely misses you. The gnoll hits you but does no damage.
You regained 21 hp, and now have 29/40 hp.
You hit the gnoll. You barely miss the gnoll. You closely miss the gnoll.
The gnoll barely misses you. The gnoll closely misses you.
The gnoll hits you with a +0 halberd!
You take 7 damage, and have 22/40 hp.
You hit the gnoll. You hit the gnoll but do no damage. x2
The gnoll barely misses you. The gnoll hits you but does no damage.
The gnoll closely misses you.
You hit the gnoll but do no damage. You hit the gnoll.
You barely miss the gnoll. The gnoll hits you with a +0 spear.
The gnoll hits you with a cursed -3 spear!
You take 6 damage, and have 16/40 hp.
You barely miss the gnoll. x2; You closely miss the gnoll.
The gnoll misses you. The gnoll barely misses you.
The gnoll hits you with a cursed -3 spear.
You take 3 damage, and have 13/40 hp.
You hit the gnoll. x2
You kill the gnoll!
You have reached level 5!
You hit the gnoll. The gnoll misses you. The gnoll hits you but does no damage.
The hobgoblin barely misses you.
You regained 2 hp, and now have 15/46 hp.
MP restored: 5 You hit the gnoll. x2
You kill the gnoll!
You hit the hobgoblin. The gnoll hits you with a +0 spear!
* * * LOW HITPOINT WARNING * * *
The hobgoblin barely misses you.
You take 7 damage, and have 8/46 hp.
You slash the hobgoblin!
You kill the hobgoblin!
You hit the gnoll but do no damage. The gnoll hits you with a +0 spear!
* * * LOW HITPOINT WARNING * * *
You take 7 damage, and have 1/46 hp.
You hit the gnoll. The gnoll hits you with a +0 spear!
You die...

* * , * , , * , , * * ,* *
* , . .. , ,,* ... * . #.
*##########.... ** * . .
##...g@......#. # .
......))..###.#.########
#.###.#####.###.#....#....
#.###.#...................
#...#.#.###.###.####.##.##
#.#.#.#.# #.##............
#.......# #.##..####..####
###.#.#####.##..# #..#
#.#.......##..####..####


You could see a gnoll.

Vanquished Creatures
  An orc priest (D:3)
  2 gnolls (D:3)
  4 adders
  An ooze (D:1)
  3 dart slugs
  A leopard gecko (D:3)
  8 orcs (D:3)
  3 giant cockroaches
  5 hobgoblins
  6 jackals (D:2)
  3 kobolds
  4 bats
  2 frilled lizards
  4 goblins
  3 rats
50 creatures vanquished.

Notes
Turn   | Place    | Note
-------+----------+-------------------------------------------
     0 | D:1      | Irenicus the Deep Dwarf Monk began the quest for the Orb.
     0 | D:1      | Reached XP level 1. HP: 20/20 MP: 1/1
   186 | D:1      | Reached XP level 2. HP: 20/27 MP: 2/2
   220 | D:2      | Reached skill level 4 in Axes
   334 | D:2      | HP: 6/27 [adder (4)]
   344 | D:2      | Reached XP level 3. HP: 29/33 MP: 3/3
   811 | D:2      | Reached skill level 5 in Axes
  1040 | D:3      | Reached XP level 4. HP: 23/40 MP: 4/4
  1081 | D:3      | HP: 8/40 [orc priest/nerve-wracking pain (5)]
  1097 | D:3      | Reached skill level 6 in Axes
  1218 | D:3      | HP: 8/40 [gnoll/cursed -3 spear (5)]
  1224 | D:3      | Reached XP level 5. HP: 15/46 MP: 5/5
  1225 | D:3      | HP: 8/46 [gnoll/+0 spear (7)]
  1226 | D:3      | HP: 1/46 [gnoll/+0 spear (7)]
  1227 | D:3      | Mangled by a gnoll

Skill      XL: |  1  2  3  4 |
---------------+-------------+-----
Axes           | 4 5 6 |  6.4
Fighting       | |  2.6
Dodging        | |  3.2
Stealth        | |  2.4

Action                   |  1- 3 |  4- 6 || total
-------------------------+-------+-------++-------
Melee: Hand axe          |   133 |    56 ||   189
 Abil: Heal Wounds       |       |     2 ||     2
  Use: Potion            |     1 |       ||     1
       Scroll            |     3 |       ||     3
 Stab: Sleeping          |     6 |     2 ||     8
  Eat: Chunk             |       |     1 ||     1
Armor: Robe              |    16 |       ||    16
       Leather armour    |       |     9 ||     9
Dodge: Dodged            |    93 |    40 ||   133

Levels and vault maps discovered:
D:1:      minmay_arrival_three_doors, layout_basic, roderic_malta_cross
D:2:      layout_loops_cross, st_stairs_10
D:3:      layout_basic, serial_curves, eino_curves_04, eino_curves_01,
          grunt_ministairs_5

Table legend:
 A = Turns spent in this place as a percentage of turns spent in the entire game.
 B = Non-inter-level travel turns spent in this place as a percentage of non-inter-level travel turns spent in the entire game.
 C = Inter-level travel turns spent in this place as a percentage of turns spent in this place.
 D = Turns resting spent in this place as a percentage of non-inter-level travel turns spent in this place.
 E = Turns spent auto-exploring this place as a percentage of non-inter-level travel turns spent in this place.
 F = Non-inter-level travel turns spent in this place divided by the number of levels of this place that you've seen.
                   A       B       C       D       E      F
               +-------+-------+-------+-------+-------+----------------------
         Total | 100.0 | 100.0 |   0.0 |   0.0 |   0.0 | 409.0
       Dungeon | 100.0 | 100.0 |   0.0 |   0.0 |   0.0 | 409.0
               +-------+-------+-------+-------+-------+----------------------

Table legend:
 A = Kills in this place as a percentage of kills in entire the game.
 B = Kills by you in this place as a percentage of kills by you in the entire game.
 C = Kills by friends in this place as a percentage of kills by friends in the entire game.
 D = Other kills in this place as a percentage of other kills in the entire game.
 E = Experience gained in this place as a percentage of experience gained in the entire game.
 F = Experience gained in this place divided by the number of levels of this place that you have seen.
                   A       B       C       D       E      F
               +-------+-------+-------+-------+-------+----------------------
         Total | 100.0 | 100.0 |   N/A |   N/A | 100.0 |  72.7
       Dungeon | 100.0 | 100.0 |   N/A |   N/A | 100.0 |  72.7
               +-------+-------+-------+-------+-------+----------------------
